 Dungeon Crawl Stone Soup version 0.29-a0-542-g075992c915 (webtiles) character file.

Game seed: 13125154001278522133

110 vim the Ducker (level 5, -2/39 HPs)
             Began as a Djinni Gladiator on June 4, 2022.
             Splashed by a jelly's acid (9 damage)
             ... on level 3 of the Dungeon.
             The game lasted 00:04:54 (2455 turns).

vim the Ducker (Djinni Gladiator)                   Turns: 2455, Time: 00:04:56

Health: -2/39      AC: -3    Str: 15    XL:     5   Next: 14%
Gold:   95         EV: 13    Int:  9    God:
                   SH:  0    Dex: 15

rFire   + + +      SeeInvis .   a - +0 war axe
rCold   . . .      Faith    .   (no shield)
rNeg    . . .      Spirit   .   b - +0 leather armour
rPois   ∞          Reflect  .   c - +0 helmet
rElec   .          Harm     .   f - scarf {rC+ rF+}
rCorr   .          Rampage  .   (no gloves)
Will    .....                   (boots unavailable)
Stlth   +.........              (no amulet)
HPRegen 0.13/turn               (no ring)
MPRegen 0.00/turn               (no ring)

@: corroded, flying
A: sickness immunity, fire resistance 2, cold vulnerability 1, float, innate
caster, HP casting, extra vitality 1
a: no special abilities


You were on level 3 of the Dungeon.
You visited 1 branch of the dungeon, and saw 3 of its levels.

You collected 95 gold pieces.

Inventory:

Hand Weapons
 a - a +0 war axe (weapon)
Missiles
 d - 4 throwing nets (quivered)
 e - a javelin
Armour
 b - a +0 leather armour (worn)
 c - a +0 helmet (worn)
 f - a scarf of resistance (worn)
Jewellery
 m - a ring of see invisible
Scrolls
 h - a scroll of identify {unknown}
 j - a scroll of teleportation {unknown}
Potions
 g - 2 potions of curing {unknown}
 i - a potion of mutation {unknown}
 k - a potion of heal wounds {unknown}
 l - a potion of berserk rage {unknown}
 n - a potion of lignification {unknown}
 o - a potion of haste {unknown}


   Skills:
 + Level 2.6 Fighting
 + Level 3.6 Axes
 + Level 1.6 Throwing
 + Level 1.1 Armour
 + Level 3.8 Dodging


You had one spell level left.
You knew the following spells:

 Your Spells              Type           Power      Damage    Failure   Level
a - Sandblast             Erth           0%         2d4       45%         1
b - Blink                 Tloc           0%         N/A       58%         2
Your spell library was empty.

Dungeon Overview and Level Annotations

Branches:
Dungeon (3/15)

Altars:

Shops:
D:1 ?


Innate Abilities, Weirdness & Mutations

You are immune to sickness and miasma.
You are immune to poison.
Your flesh is very heat resistant. (rF++)
You are vulnerable to cold. (rC-)
You float through the air rather than walking.
You learn spells naturally, not from books.
Your magical power is your life essence.
You have superior vitality. (+4 MHP)


Message History

Things that are here:
a +0 flail; a gnoll skeleton
There is an open door here.
You reach down and open the door.
There is an open door here.
Done exploring.
Done exploring.
Done exploring.
There is an open door here.
There is an open door here.
There is a stone staircase leading down here.
You fly downwards.
Found 13 gold pieces.
There is a stone staircase leading up here.
A rat is nearby!
A rat is nearby!
A jelly comes into view.
The rat closely misses you.
You completely miss the rat. The rat closely misses you.
You hit the rat.
You kill the rat!
You slash the jelly! The acid corrodes you!
Your hands burn!
The jelly is heavily wounded.
The jelly closely misses you. The jelly hits you.
You are splashed with acid!
You hit the jelly.
Your hands burn!
The jelly is almost dead.
The jelly hits you. The acid corrodes you!
You are splashed with acid!
* * * LOW HITPOINT WARNING * * *
You hit the jelly but do no damage.
Your hands burn!
* * * LOW HITPOINT WARNING * * *
The jelly is almost dead.
The jelly barely misses you.
Unknown command.
You hit the jelly but do no damage.
Your hands burn!
* * * LOW HITPOINT WARNING * * *
The jelly is almost dead.
The jelly barely misses you. The jelly hits you.
* * * LOW HITPOINT WARNING * * *
You are splashed with acid!
You die...

######.#
#<.....#
#.#######
#........
#.#######
#@#
#J.......
#.$......
#........
+........
#........
##.......
.######


You could see a jelly.

Vanquished Creatures
  4 gnolls (D:2)
  An adder (D:2)
  2 worms (D:2)
  3 dart slugs
  An endoplasm (D:1)
  2 giant cockroaches (D:1)
  6 goblins (D:1)
  6 hobgoblins
  3 jackals (D:1)
  A kobold (D:1)
  2 quokkas (D:1)
  7 ball pythons
  4 bats
  2 frilled lizards (D:2)
  6 rats
50 creatures vanquished.

Notes
Turn   | Place    | Note
-------+----------+-------------------------------------------
     0 | D:1      | vim the Djinni Gladiator began the quest for the Orb.
     0 | D:1      | Reached XP level 1. HP: 18/18 MP: 0/0
    29 | D:1      | Found Woybaa's Magic Scroll Shop.
    54 | D:1      | Reached XP level 2. HP: 13/23 MP: 0/0
   276 | D:1      | Reached XP level 3. HP: 2/28 MP: 0/0
   276 | D:1      | Learned a level 1 spell: Sandblast
   317 | D:1      | HP: 1/28 [constriction (1)]
  1242 | D:2      | Found a faded altar of an unknown god.
  1498 | D:2      | Reached XP level 4. HP: 33/33 MP: 0/0
  2083 | D:2      | Reached skill level 1 in Armour
  2088 | D:2      | Reached XP level 5. HP: 16/39 MP: 0/0
  2088 | D:2      | Learned a level 2 spell: Blink
  2455 | D:3      | Splashed by a jelly's acid

Illustrated notes

Levels and vault maps discovered:
D:1:      onia_arrival_mini_spirals, layout_loops_ring, serial_shops,
          nicolae_shop_advertising_works [nicolae_subvault_shop_adworks]
D:2:      layout_loops_corners, ebering_ecumenical_altar_mist,
          chequers_serial_rivers_large_a
D:3:      layout_basic, grunt_temple_overflow_open,
          hangedman_abyss_or_decor_stabs, minmay_snake_closets

Skill      XL: |  1  2  3  4 |
---------------+-------------+-----
Axes           | 3 |  3.6
Armour         | 1 |  1.1
Fighting       | |  2.6
Throwing       | |  1.6
Dodging        | |  3.8

Action                   |  1- 3 |  4- 6 || total
-------------------------+-------+-------++-------
Melee: War axe           |    78 |    47 ||   125
Armor: Leather armour    |    36 |    13 ||    49
Dodge: Dodged            |    89 |    33 ||   122

Table legend: (Time is in decaauts)
 A = Elapsed time spent in this place.
 B = Non-inter-level travel time spent in this place.
 C = Inter-level travel time spent in this place.
 D = Time resting spent in this place.
 E = Time spent auto-exploring this place.
 F = Levels seen in this place.
 G = Mean time per level.
                   A        B        C        D        E       F      G
               +--------+--------+--------+--------+--------+-----+--------+
         Total |   2498 |   2446 |     52 |    301 |   1728 |   3 |  832.7 |
       Dungeon |   2498 |   2446 |     52 |    301 |   1728 |   3 |  832.7 |
               +--------+--------+--------+--------+--------+-----+--------+

Top non-repeatable levels by time:
     D:2: 1256 daAuts
     D:1: 1230 daAuts
     D:3: 11 daAuts
